 Dungeon Crawl Stone Soup version 0.31-a0-1041-g1e7a56e (webtiles) character file.

Game seed: 7653081316228969045

18187 PurpleRed the Devastator (level 12, -1/96 (102) HPs)
             Began as a Deep Elf Fighter on Nov 19, 2023.
             Was a Believer of Vehumet.
             Slain by a shadow (27 damage)
             ... on level 11 of the Dungeon.
             The game lasted 01:08:50 (14049 turns).

PurpleRed the Devastator (Deep Elf Fighter)        Turns: 14049, Time: 01:08:51

HP:   -1/96 (102)   AC: 26    Str: 19    XL:     12   Next: 25%
MP:   31/31         EV:  2    Int: 19    God:    Vehumet [**....]
Gold: 697           SH:  9    Dex: 14    Spells: 27/38 levels left

rFire   . . .        b - +1 rapier (elec)
rCold   . . .        h - +0 buckler
rNeg    . . .        B - melded +0 leather armour of a treasure trove {rC+ Slay+3}
rPois   +            m - melded +1 helmet
rElec   .            (cloak currently unavailable)
rCorr   .            k - melded +1 pair of gloves
SInv    .            j - melded +1 pair of boots
Will    +....        x - amulet of reflection
Stlth   +            F - +6 ring of strength
HPRegen 0.36/turn    y - ring of flight
MPRegen 0.22/turn

%: reflection
@: mighty, tree-form, slowed, drained, very slow
A: stationary, stasis, torment immunity, boosted hp
a: Renounce Religion


You were on level 11 of the Dungeon.
You worshipped Vehumet.
Vehumet was pleased with you.
You were a tree.
You visited 2 branches of the dungeon, and saw 12 of its levels.
You also visited: Bailey.

You collected 883 gold pieces.
You spent 186 gold pieces at shops.

Inventory:

Hand Weapons
 b - a +1 rapier of electrocution (weapon)
 t - a +1 dagger of pain
 v - the +11 dagger "Qacw" {heavy, Contam rElec rF++}
   (You found it on level 5 of the Dungeon)

   rF++:      It greatly protects you from fire.
   rElec:     It insulates you from electricity.
   Contam:    It causes magical contamination when unequipped.
 E - a +5 dagger of freezing
 Q - a +1 demon whip of electrocution
Missiles
 q - 42 poisoned darts (quivered)
Armour
 g - a +0 ring mail
 h - a +0 buckler (worn)
 j - a +1 pair of boots (melded)
 k - a +1 pair of gloves (melded)
 l - a +0 kite shield of reflection
 m - a +1 helmet (melded)
 n - a +0 robe
 o - a +0 leather armour
 u - a +0 scale mail
 B - the +0 leather armour of a treasure trove (melded) {rC+ Slay+3}
   (You found it on level 3 of the Dungeon)

   Slay+3:    It affects your accuracy & damage with ranged weapons and melee
   (+3).
   rC+:       It protects you from cold.
 J - a +10 plate armour of ponderousness
 N - a +1 ring mail of cold resistance
 T - a +1 robe of willpower
Magical Staves
 a - a staff of conjuration
 c - a staff of poison
 i - a staff of cold
 G - a staff of death
 M - a staff of earth
Jewellery
 x - an amulet of reflection (around neck)
 y - a ring of flight (right branch)
 F - a +6 ring of strength (left branch)
 O - an amulet of guardian spirit
Talismans
 U - the beast talisman "Maqenel" {*Slow rElec MP+9 Int+3}
   (You found it on level 8 of the Dungeon)

   [beast talisman]

   Int+3:     It affects your intelligence (+3).
   rElec:     It insulates you from electricity.
   MP+9:      It affects your magic capacity (+9).
   *Slow:     It may slow you when you take damage.
Wands
 r - a wand of flame (34)
 R - a wand of polymorph (4)
 X - a wand of charming (1)
Scrolls
 f - 2 scrolls of immolation
 p - 2 scrolls of identify
 A - a scroll of enchant armour
 H - a scroll of amnesia
 K - a scroll of torment
Potions
 d - 3 potions of attraction
 e - 4 potions of brilliance
 s - 2 potions of enlightenment
 w - a potion of ambrosia
 z - a potion of mutation
 D - a potion of resistance
 P - a potion of invisibility
 V - a potion of curing
 W - a potion of lignification
Miscellaneous
 C - a phial of floods (inert)
 I - a phantom mirror (inert)


   Skills:
 - Level 5.0 Fighting
 - Level 2.0 Short Blades
 - Level 4.0 Armour
 - Level 5.0 Dodging
 - Level 2.4 Shields
 + Level 13.7 Spellcasting
 * Level 15.6 Conjurations
 - Level 4.0 Ice Magic
 - Level 4.0 Poison Magic


You had 27 spell levels left.
You knew the following spells:

 Your Spells              Type           Power      Damage    Failure   Level
a - Hailstorm             Conj/Ice       50%        3d11      1%          3
b - Olgreb's Toxic Radia  Pois           28%        N/A       12%         4
c - Freeze                Ice            100%       1d10      1%          1
d - Kiss of Death         Conj/Necr      100%       2d13      1%          1
e - Momentum Strike       Conj/Tloc      84%        3d10      1%          2

Your spell library contained the following spells:

 Spells                   Type           Power      Damage    Failure   Level
 Sting                    Tmut/Pois      80%        1d7       2%          1
 Poisonous Vapours        Pois/Air       40%        N/A       4%          2
 Confusing Touch          Hex            13%        N/A       19%         3
 Summon Ice Beast         Ice/Summ       20%        N/A       28%         4
 Dispel Undead            Necr           13%        3d9       54%         4
 Summon Mana Viper        Hex/Summ       13%        N/A       87%         5
 Simulacrum               Ice/Necr       10%        N/A       99%         6
 Monstrous Menagerie      Summ           6%         N/A       100%        7


Dungeon Overview and Level Annotations

Branches:
Dungeon (11/15)            Temple (1/1) D:6            Lair (0/5) D:9
    Orc (0/2) D:9          Bailey (visited)

Altars:
Ashenzari
Cheibriados
Dithmenos
Elyvilon
Fedhas
Gozag
Hepliaklqana
Kikubaaqudgha
Makhleb
Nemelex Xobeh
Okawaru
Qazlal
Ru
Sif Muna
Trog
Uskayaw
Vehumet
Wu Jian
Xom
Yredelemnul
Zin
The Shining One

Shops:
D:5 (   D:9 *

Annotations:
D:4 1 runed translucent door, Agrajag's ghost, amateur DEIE


Message History

The vampire mosquito is heavily damaged.
The vampire mosquito bites you but does no damage.
The vampire mosquito bites you.
The vampire mosquito draws strength from your injuries!
The shadow strikes at you from the darkness!
* * * LOW HITPOINT WARNING * * *
Reactivating autopickup.
The vampire mosquito bites you.
* * * LOW HITPOINT WARNING * * *
The vampire mosquito draws strength from your injuries!
You puncture the vampire mosquito!
The vampire mosquito is almost destroyed.
The vampire mosquito bites you but does no damage.
The shadow slips into darkness.
The shadow flickers and vanishes!
Deactivating autopickup; reactivate with Ctrl-A.
You block the vampire mosquito's attack.
The shadow strikes at you from the darkness!
* * * LOW HITPOINT WARNING * * *
Reactivating autopickup.
The vampire mosquito bites you but does no damage.
You barely miss the vampire mosquito.
The vampire mosquito is almost destroyed.
The vampire mosquito bites you but does no damage.
You block the vampire mosquito's attack.
You block the shadow's attack.
The vampire mosquito bites you but does no damage.
The shadow hits you.
You puncture the vampire mosquito!
Lightning courses through the vampire mosquito!!
You destroy the vampire mosquito!
Vehumet accepts your kill. The shadow hits you.
* * * LOW HITPOINT WARNING * * *
The shadow slips into darkness.
The shadow flickers and vanishes!
Deactivating autopickup; reactivate with Ctrl-A.
You feel better.
The shadow strikes at you from the darkness!
You die...

...............####..#.
....................#...
...............†####..#.
....................#.##
...........>...........#
..................#.....
................##.##...
...............##...##..
#......♣........#. .#...
##..)..{†......## .##..
###............# #...
##..........## ##..
##........K.# .##...
##.......... #.....
##........ ......
....... ...... .......
......


You could see a kobold (wandering).

Vanquished Creatures
  Erica (D:8)
  A two-headed ogre (D:11)
  2 tengu warriors (D:11)
  2 boulder beetles (D:11)
  3 orc knights
  2 cyclopes (D:11)
  3 manticores (D:11)
  2 ugly things (D:11)
  2 unseen horrors (D:10)
  An efreet (D:11)
  Psyche (D:9)
  A kobold demonologist (D:10)
  A meliai (D:7)
  Grinder (D:5)
  3 hornets
  3 trolls (D:11)
  A shadow (D:11)
  2 wraiths (D:11)
  A wyvern (D:8)
  2 yaks (D:10)
  A vampire mosquito (D:11)
  A water moccasin (D:7)
  16 orc warriors
  2 black bears (D:6)
  A sky beast (D:7)
  3 ogres
  8 centaurs
  A phantom (D:5)
  5 kobold brigands
  3 bullfrogs
  2 gnoll sergeants
  3 scorpions
  11 wights
  11 killer bees
  10 howler monkeys
  2 hounds
  2 jellies
  4 gnoll boudas
  8 orc priests
  2 sleepcaps
  5 iguanas
  14 orc wizards
  26 gnolls
  4 adders
  2 shadow imps (D:7)
  2 white imps
  4 worms
  4 dart slugs
  59 orcs
  8 endoplasms
  3 giant cockroaches
  7 goblins
  12 hobgoblins
  7 jackals
  2 quokkas
  7 ball pythons
  5 bats
  3 frilled lizards
  14 kobolds
  5 rats
324 creatures vanquished.

Vanquished Creatures (collateral kills)
  A vampire mosquito (D:11)
1 creature vanquished.

Vanquished Creatures (others)
  A vampire (D:11)
  4 vampire mosquitoes (D:11)
5 creatures vanquished.

Grand Total: 330 creatures vanquished

Notes
Turn   | Place    | Note
-------+----------+-------------------------------------------
     0 | D:1      | PurpleRed the Deep Elf Fighter began the quest for the Orb.
     0 | D:1      | Reached XP level 1. HP: 13/13 MP: 3/3
    17 | D:1      | Reached skill level 1 in Spellcasting
    46 | D:1      | You fall into a shaft and drop 1 floor!
   123 | D:2      | Reached XP level 2. HP: 18/18 MP: 4/7
   152 | D:2      | Found a faded altar of an unknown god.
   450 | D:2      | Reached XP level 3. HP: 15/22 MP: 10/10
   864 | D:4      | Noticed a scorpion
  1117 | D:4      | Reached skill level 5 in Spellcasting
  1117 | D:4      | Reached XP level 4. HP: 13/27 MP: 13/13
  1174 | D:5      | Entered Level 5 of the Dungeon
  1286 | D:4      | Noticed an ogre
  2683 | D:2      | Reached skill level 1 in Conjurations
  3180 | D:3      | Reached XP level 5. HP: 31/31 MP: 15/15
  3207 | D:3      | Identified the +0 leather armour of a treasure trove {rC+
                  | Slay+3}
  3562 | D:4      | Reached skill level 2 in Conjurations
  3686 | D:4      | Killed an ogre
  3687 | D:4      | Reached skill level 3 in Conjurations
  3687 | D:4      | Reached XP level 6. HP: 36/36 MP: 15/17
  3742 | D:4      | Found a runed translucent door.
  3744 | D:4      | Noticed Agrajag's ghost (amateur DEIE)
  3744 | D:4      | Noticed a sky beast
  3896 | D:4      | Reached skill level 4 in Conjurations
  4124 | D:5      | Learned a level 3 spell: Hailstorm
  4154 | D:5      | Reached skill level 5 in Conjurations
  4154 | D:5      | Reached XP level 7. HP: 32/40 MP: 14/19
  4167 | D:5      | Reached skill level 1 in Ice Magic
  4205 | D:5      | Found Hic Nef's Weapon Emporium.
  4233 | D:5      | Identified the +11 dagger "Qacw" {heavy, Contam rElec rF++}
  4379 | D:5      | Noticed Grinder
  4387 | D:5      | Paralysed by Grinder for 5 turns
  4411 | D:5      | Paralysed by Grinder for 3 turns
  4423 | D:5      | Killed Grinder
  4557 | D:5      | Reached skill level 6 in Conjurations
  4797 | D:5      | Reached skill level 7 in Conjurations
  4997 | D:5      | Reached XP level 8. HP: 13/45 MP: 16/20
  5341 | D:6      | Reached skill level 8 in Conjurations
  5492 | D:6      | Found a staircase to the Ecumenical Temple.
  5661 | D:6      | Found a sparkling altar of Nemelex Xobeh.
  5708 | D:6      | Upgraded the game from 0.31-a0-1040-g97aaa37 to
                  | 0.31-a0-1041-g1e7a56e
  5955 | Temple   | Entered the Ecumenical Temple
  6099 | D:6      | Reached skill level 9 in Conjurations
  6298 | D:7      | Noticed a hornet
  6301 | D:7      | Killed a hornet
  6453 | D:6      | Reached XP level 9. HP: 49/49 MP: 17/23
  6482 | D:7      | Reached skill level 10 in Conjurations
  6893 | D:7      | Reached skill level 11 in Conjurations
  7077 | D:7      | Reached skill level 10 in Spellcasting
  7110 | D:7      | Noticed a meliai
  7136 | D:7      | Killed a meliai
  7195 | D:7      | Noticed a centaur warrior
  7198 | D:7      | Noticed a two-headed ogre
  7571 | D:7      | Found an iron altar of Okawaru.
  7661 | D:7      | Reached skill level 12 in Conjurations
  7699 | D:8      | Reached XP level 10. HP: 54/54 MP: 5/26
  7866 | D:8      | Noticed Erica
  8135 | D:8      | Found a flagged portal.
  8147 | Bailey   | Entered a bailey
  8528 | Bailey   | Noticed an orc knight
  8528 | Bailey   | Noticed an orc knight
  8536 | Bailey   | Killed an orc knight
  8540 | Bailey   | Killed an orc knight
  8541 | Bailey   | Reached skill level 13 in Conjurations
  8964 | D:9      | Learned a level 4 spell: Olgreb's Toxic Radiance
  9097 | D:9      | Reached skill level 1 in Poison Magic
  9112 | D:9      | Reached skill level 1 in Dodging
  9493 | D:9      | Found a staircase to the Orcish Mines.
  9546 | D:9      | Found a glowing silver altar of Zin.
  9675 | D:9      | Found a radiant altar of Vehumet.
  9683 | D:9      | Became a worshipper of Vehumet
  9790 | D:9      | Found an ornate altar of the Wu Jian Council.
  9885 | D:9      | Found Fehian's General Store.
  9885 | D:9      | Noticed Psyche
  9889 | D:9      | Killed Psyche
  9905 | D:9      | Bought a scroll of blinking for 90 gold pieces
  9905 | D:9      | Bought a scroll of fear for 48 gold pieces
  9905 | D:9      | Bought a potion of might for 48 gold pieces
 10023 | D:9      | Found a staircase to the Lair.
 10048 | D:10     | Entered Level 10 of the Dungeon
 10636 | D:8      | Killed Erica
 10637 | D:8      | Reached XP level 11. HP: 46/60 MP: 16/29
 10701 | D:8      | Identified the beast talisman "Maqenel" {*Slow rElec MP+9
                  | Int+3}
 10915 | D:10     | Noticed a sixfirhy
 11729 | D:11     | Noticed a tengu warrior
 11732 | D:11     | Noticed a white ugly thing
 11733 | D:11     | Reached skill level 5 in Dodging
 11733 | D:11     | Noticed an orc knight
 11749 | D:11     | Killed a white ugly thing
 11750 | D:11     | HP: 1/62 [tengu warrior/+1 battleaxe (21)]
 11751 | D:11     | Killed an orc knight
 11752 | D:11     | Reached skill level 5 in Fighting
 11756 | D:11     | Killed a tengu warrior
 11756 | D:11     | Reached * piety under Vehumet
 11756 | D:11     | Offered knowledge of Freeze by Vehumet.
 12008 | D:11     | Learned a level 1 spell: Freeze
 12250 | D:11     | Noticed a purple ugly thing
 12584 | D:11     | Noticed a two-headed ogre
 12587 | D:11     | Killed a two-headed ogre
 12588 | D:11     | Reached skill level 14 in Conjurations
 12718 | D:11     | Killed a purple ugly thing
 12725 | D:11     | Paralysed by a hornet for 2 turns
 13068 | D:11     | Noticed a boulder beetle
 13075 | D:11     | Killed a boulder beetle
 13247 | D:11     | Reached ** piety under Vehumet
 13247 | D:11     | Offered knowledge of Momentum Strike by Vehumet.
 13470 | D:11     | Reached XP level 12. HP: 68/68 MP: 23/31
 13503 | D:11     | Reached skill level 15 in Conjurations
 13528 | D:11     | Noticed a tengu warrior
 13655 | D:11     | Noticed a fire dragon
 13754 | D:11     | Learned a level 1 spell: Kiss of Death
 13757 | D:11     | Learned a level 2 spell: Momentum Strike
 13765 | D:11     | Noticed a boulder beetle
 13779 | D:11     | Killed a boulder beetle
 14029 | D:11     | Killed a tengu warrior
 14049 | D:11     | Slain by a shadow

Illustrated notes

Levels and vault maps discovered:
D:1:      eino_arrival_druids_welcome, layout_basic
D:2:      layout_basic, ebering_ecumenical_altar_petrified
D:3:      layout_basic
D:4:      layout_basic, ebering_ghost_inner_flame
D:5:      layout_loops_ring, serial_shops, nicolae_shop_bloodbath_and_beyond,
          blue_anna_alchemist, uniq_grinder
D:6:      layout_cave_pools, mainiacjoe_overflow_tiny_flanked,
          minmay_temple_entry_tees
D:7:      nzn_winding_woodlands_cross [nzn_winding_woodlands_5x15_garden,
          nzn_winding_woodlands_5x15_jagged, nzn_winding_woodlands_5x15_zeroes,
          nzn_winding_woodlands_5x15_longhouse,
          nzn_winding_woodlands_15x15_boxy_spiral], layout_cave_pools,
          mainiacjoe_overflow_catwalk, fountainhead
D:8:      layout_cave_pools, enter_bailey_4, uniq_erica
D:9:      layout_stronghold, lemuel_round_altar, old_standard_altar,
          mainiacjoe_overflow_boulevard, david_lair_shrubbed, erik_orc_4,
          serial_shops, nicolae_shop_tiny_glass, corexii_corridor_pit,
          dreamdust_princess_bridge, uniq_psyche
D:10:     layout_irregular_city
D:11:     minmay_the_grid_octo_tiled_octocenter_mashed
          [minmay_the_grid_octo_focus, minmay_the_grid_octo_clover_2,
          minmay_the_grid_octo_teeth, minmay_the_grid_octo_chip,
          minmay_the_grid_octo_prize_big_c, minmay_the_grid_square_5x5_fat_x,
          minmay_the_grid_square_5x5_six_small,
          minmay_the_grid_square_5x5_checkered_sparse,
          minmay_the_grid_square_5x5_three_small], layout_layer_cave
Temple:   bh_familiar_temple

Skill      XL: |  1  2  3  4  5  6  7  8  9 10 11 12 |
---------------+-------------------------------------+-----
Spellcasting   | 2 3 5 6 7 8 10 12 13 | 13.7
Conjurations   | 1 3 5 7 9 12 13 14 15 | 15.6
Ice Magic      | 3 4 |  4.0
Poison Magic   | 4 |  4.0
Dodging        | 3 5 |  5.0
Fighting       | 3 5 |  5.0
Armour         | 4 |  4.0
Short Blades   | |  2.0
Shields        | |  2.4

Action                     |  1- 3 |  4- 6 |  7- 9 | 10-12 || total
---------------------------+-------+-------+-------+-------++-------
  Melee: Rapier            |   116 |   221 |   119 |    91 ||   547
         Staff             |       |       |     3 |    39 ||    42
         Dagger            |       |       |       |    12 ||    12
  Throw: Dart              |    11 |       |     6 |    25 ||    42
         Throwing net      |       |       |       |     3 ||     3
   Cast: Hailstorm         |       |     1 |    98 |   130 ||   229
         Olgreb's Toxic Ra |       |       |       |    54 ||    54
         Freeze            |       |       |       |    15 ||    15
         Momentum Strike   |       |       |       |     2 ||     2
         Kiss of Death     |       |       |       |     1 ||     1
Ability: Begin Untransform |       |       |       |     1 ||     1
  Evoke: Wand              |       |     8 |     6 |    23 ||    37
         Phial of floods   |       |       |       |     1 ||     1
         Phantom mirror    |       |       |       |     1 ||     1
    Use: Potion            |     1 |     1 |     1 |     3 ||     6
         Scroll            |     3 |    11 |     4 |    10 ||    28
   Stab: Invisible         |       |     2 |       |       ||     2
         Sleeping          |       |     1 |       |       ||     1
 Armour: Scale mail        |   102 |    95 |       |       ||   197
         Leather armour    |       |    23 |    87 |   171 ||   281
         Skin              |       |       |       |    14 ||    14
  Dodge: Dodged            |    48 |    71 |    57 |   126 ||   302
  Block: Buckler           |    38 |    65 |    71 |   105 ||   279
         Reflection        |       |     1 |     3 |    12 ||    16
   Form: Beast             |       |       |       |     1 ||     1

Table legend: (Time is in decaauts)
 A = Elapsed time spent in this place.
 B = Non-inter-level travel time spent in this place.
 C = Inter-level travel time spent in this place.
 D = Time resting spent in this place.
 E = Time spent auto-exploring this place.
 F = Levels seen in this place.
 G = Mean time per level.
                   A        B        C        D        E       F      G
               +--------+--------+--------+--------+--------+-----+--------+
         Total |  14132 |  13330 |    802 |   2487 |   6026 |  13 | 1087.1 |
       Dungeon |  13389 |  12591 |    798 |   2226 |   5825 |  11 | 1217.2 |
        Temple |      9 |      5 |      4 |      0 |      0 |   1 |    9.0 |
        Bailey |    732 |    732 |      0 |    261 |    201 |   1 |  732.0 |
               +--------+--------+--------+--------+--------+-----+--------+

Top non-repeatable levels by time:
    D:11: 1792 daAuts
     D:5: 1469 daAuts
    D:10: 1395 daAuts
     D:9: 1344 daAuts
     D:7: 1328 daAuts
     D:6: 1290 daAuts
     D:2: 1184 daAuts
     D:3: 1161 daAuts
     D:4: 922 daAuts
     D:8: 784 daAuts
  Bailey: 732 daAuts
     D:1: 716 daAuts
  Temple: 9 daAuts
